 Dungeon Crawl Stone Soup version 0.28-b1-1-g3c77fb2ed1 (webtiles) character file.

Game seed: 1430122500697110843

284 Kaptain the Skirmisher (level 6, -3/43 HPs)
             Began as an Octopode Fighter on Jan 30, 2022.
             Slain by a river rat (8 damage)
             ... on level 4 of the Dungeon.
             The game lasted 00:08:26 (2761 turns).

Kaptain the Skirmisher (Octopode Fighter)           Turns: 2761, Time: 00:08:26

Health: -3/43      AC:  1    Str: 16    XL:     6   Next: 29%
Magic:  9/9        EV: 13    Int: 12    God:
Gold:   129        SH:  0    Dex: 11    Spells: 9/9 levels left

rFire   . . .      SeeInvis .   a - +0 long sword
rCold   . . .      Faith    .   b - +0 buckler
rNeg    . . .      Spirit   .   (helmet restricted)
rPois   .          Reflect  .   (no amulet)
rElec   .          Harm     .   (no ring)
rCorr   .          Rampage  .   (no ring)
Will    .....                   (no ring)
Stlth   ++........              (no ring)
HPRegen 0.14/turn               (no ring)
MPRegen 0.11/turn               (no ring)
                                (no ring)
                                (no ring)

@: confused, hasted, very quick
A: almost no armour, amphibious, 8 rings, camouflage 1, gelatinous body 1,
(nimble swimmer 1), tentacles
a: no special abilities


You were on level 4 of the Dungeon.
You visited 1 branch of the dungeon, and saw 4 of its levels.

You collected 129 gold pieces.

Inventory:

Hand Weapons
 a - a +0 long sword (weapon)
 g - a +0 dagger of draining
 q - a +1 shortbow of flaming
Missiles
 r - 19 arrows
Armour
 b - a +0 buckler (worn)
 e - an orb of wrath
Magical Staves
 u - a staff of earth
Jewellery
 j - a +6 ring of strength
Scrolls
 h - 4 scrolls of identify {unknown}
 k - a scroll of vulnerability {unknown}
 l - a scroll of fear {unknown}
 m - 2 scrolls of blinking {unknown}
 p - a scroll of teleportation {unknown}
 s - a scroll of magic mapping {unknown}
Potions
 c - 2 potions of might
 d - a potion of haste
 f - a potion of lignification {unknown}
 i - a potion of berserk rage {unknown}
 n - a potion of magic {unknown}
 o - a potion of mutation {unknown}
 t - a potion of degeneration {unknown}


   Skills:
 + Level 3.8 Fighting
 + Level 3.0 Long Blades
 + Level 3.8 Dodging
 + Level 3.4 Stealth
 + Level 3.8 Shields
 + Level 2.0 Spellcasting


You had 9 spell levels left.
You didn't know any spells.
Your spell library contained the following spells:

 Spells                   Type           Power      Damage    Failure   Level
 Corpse Rot               Necr/Air       2%         N/A       45%         2
 Dispel Undead            Necr           1%         3d6       98%         4
 Death Channel            Necr           0%         N/A       100%        6


Dungeon Overview and Level Annotations

Branches:
Dungeon (4/15)
 Temple: D:4-7

Altars:
Dithmenos
Trog

Shops:
D:2 ?   D:3 [

Annotations:
D:4 Duvessa, Sigmund


Innate Abilities, Weirdness & Mutations

You cannot wear most types of armour.
You are amphibious.
You can wear up to eight rings at the same time.
Your skin changes colour to match your surroundings (Stealth+).
Your rubbery body absorbs attacks. (AC +1, EV +1)
((You are camouflaged when in or above water. (Stealth+)))
You have tentacles for arms and can constrict up to eight enemies at once.


Message History

You see here a staff of earth.
u - a staff of earth Sigmund casts a spell at you.
The magic dart hits you.
Sigmund laughs darkly.
Sigmund gestures at you while chanting. The magic dart hits you!
Sigmund gestures wildly while chanting.
Sigmund flickers and vanishes!
Deactivating autopickup; reactivate with Ctrl-A.
A puff of flame appears from out of thin air!
The puff of flame misses you.
You barely miss the river rat. You grab the river rat.
Your squeeze misses the river rat.
You constrict the river rat, but do no damage.
The river rat barely misses you. The river rat misses you.
You hit the river rat but do no damage.
You constrict the river rat, but do no damage.
Something hits you! The river rat closely misses you.
You release your grip on the river rat.
You hear some strange, mumbled words.
You are confused.
There is a stone staircase leading up here.
The river rat bites you!
* * * LOW HITPOINT WARNING * * *
In your confused state, you trip and fall back down the stairs.
* * * LOW HITPOINT WARNING * * *
The river rat bites you.
* * * LOW HITPOINT WARNING * * *
Unknown command.
Something hits you.
* * * LOW HITPOINT WARNING * * *
The river rat misses you.
In your confused state, you trip and fall back down the stairs.
* * * LOW HITPOINT WARNING * * *
The river rat bites you.
* * * LOW HITPOINT WARNING * * *
Something completely misses you.
It was a potion of haste.
You feel yourself speed up. The river rat bites you!
You die...

#..#############.## #..##
### ###.## ##†## ##†######
#### ##.....## .).##
##.....###### ##..#
##..#......# #..#
###..#.@....## #..#
###....†.r.....# #.##
##.......).{...###### #.#
##..........#...≈≈≈≈.#
#.###..###.....##...≈≈≈≈≈#
##.#..###....r###..#.≈≈≈≈#
#...## #......###.#...≈≈#
###...# #.#.....#
##.....≈#
.#....##..#.....# ##..####


You could see 2 river rats.

Vanquished Creatures
  An ogre (D:4)
  A centaur (D:3)
  A river rat (D:4)
  3 adders
  2 worms (D:2)
  2 dart slugs
  An orc (D:3)
  5 ball pythons
  6 bats
  9 endoplasms
  4 giant cockroaches
  6 goblins
  7 hobgoblins
  5 kobolds
  2 quokkas
  2 frilled lizards
  10 rats
67 creatures vanquished.

Vanquished Creatures (others)
  8 plants (D:4)
8 creatures vanquished.

Grand Total: 75 creatures vanquished

Notes
Turn   | Place    | Note
-------+----------+-------------------------------------------
     0 | D:1      | Kaptain the Octopode Fighter began the quest for the Orb.
     0 | D:1      | Reached XP level 1. HP: 16/16 MP: 1/1
    27 | D:1      | Found a faded altar of an unknown god.
   145 | D:1      | Reached XP level 2. HP: 21/21 MP: 2/2
   317 | D:1      | Reached skill level 1 in Stealth
   797 | D:2      | Reached XP level 3. HP: 26/26 MP: 3/3
  1109 | D:2      | Found Xuysm's Magic Scroll Shop.
  1123 | D:2      | You fall into a shaft and drop 2 floors!
  1128 | D:4      | Noticed an ogre
  1167 | D:4      | Noticed Duvessa
  1187 | D:4      | Killed an ogre
  1188 | D:4      | Reached skill level 1 in Spellcasting
  1188 | D:4      | Reached XP level 4. HP: 11/31 MP: 4/6
  1188 | D:4      | Reached XP level 5. HP: 13/36 MP: 4/7
  1983 | D:3      | Found a shadowy altar of Dithmenos.
  2062 | D:3      | Noticed a centaur
  2073 | D:3      | Killed a centaur
  2074 | D:3      | Reached XP level 6. HP: 35/43 MP: 8/8
  2136 | D:3      | Found Agusu's Antique Armour Emporium.
  2454 | D:3      | Found a bloodstained altar of Trog.
  2724 | D:4      | Noticed Sigmund
  2761 | D:4      | Slain by a river rat

Illustrated notes

Levels and vault maps discovered:
D:1:      lightli_arrival_isolated_outpost, layout_loops_ring,
          hellmonk_ecumenical_altar_crossroads, minmay_misc_feat_plants
D:2:      layout_rooms, serial_shops, shop, kennysheep_generic_room_9
D:3:      layout_loops_ring, mainiacjoe_overflow_catwalk,
          trog_three_pillars_becter, serial_shops, nicolae_lakefront_shop
D:4:      layout_layer_cave, tgw_kikubaaqudgha, portal_sewer_entry_b,
          serial_bayou, serial_bayou_shore_b, serial_bayou_shore_a,
          serial_bayou_lake_a, serial_bayou_pond_e, serial_shops,
          kennysheep_mini_moat, uniq_grinder, uniq_sigmund, uniq_duvessa

Skill      XL: |  1  2  3  4  5  6 |
---------------+-------------------+-----
Stealth        | 1 2 3 |  3.4
Spellcasting   | 1 2 |  2.0
Long Blades    | 3 |  3.0
Fighting       | |  3.8
Dodging        | |  3.8
Shields        | |  3.8

Action                   |  1- 3 |  4- 6 || total
-------------------------+-------+-------++-------
Melee: Long sword        |    56 |    61 ||   117
       Constrict         |    13 |    11 ||    24
       Tentacles         |    15 |    10 ||    25
       Punch             |       |     1 ||     1
  Use: Potion            |       |     1 ||     1
 Stab: Sleeping          |     5 |     8 ||    13
Armor: Skin              |     5 |     7 ||    12
Dodge: Dodged            |    36 |    35 ||    71
Block: Buckler           |    11 |     9 ||    20
